 Dungeon Crawl Stone Soup version 0.21-a0-264-g3e31e41 (console) character file.

3742 wup the Destroyer (level 9, -2/62 HPs)
             Began as a White Draconian Conjurer on Sept 10, 2017.
             Was a Priest of Vehumet.
             Slain by Grum
             ... wielding a -1 spear
              (14 damage)
             ... on level 8 of the Dungeon.
             The game lasted 00:40:14 (9239 turns).

wup the Destroyer (White Draconian Conjurer)        Turns: 9239, Time: 00:40:15

Health: -2/62      AC:  8    Str: 11    XL:     9   Next: 93%
Magic:  8/21       EV:  6    Int: 15    God:    Vehumet [***...]
Gold:   287        SH:  0    Dex: 15    Spells: 14/24 levels left

rFire    . . .     SeeInvis .   z - +2 whip (flame)
rCold    + . .     Gourm    .   (no shield)
rNeg     . . .     Faith    .   (armour unavailable)
rPois    .         Spirit   .   (helmet restricted)
rElec    .         Reflect  .   (no cloak)
rCorr    .         Harm     .   F - +0 pair of gloves
MR       .....                  (no boots)
Stlth    ++........             (no amulet)
HPRegen  0.20/turn              (no ring)
MPRegen  0.17/turn              (no ring)

@: about to teleport, held
A: breathe frost, unfitting armour, cold resistance 1, cold-blooded, AC +7
a: Breathe Frost, Renounce Religion


You were on level 8 of the Dungeon.
You worshipped Vehumet.
Vehumet was most pleased with you.
You were not hungry.

You visited 1 branch of the dungeon, and saw 9 of its levels.

You collected 287 gold pieces.

Inventory:

Hand Weapons
 o - a +1 dagger of holy wrath
 w - a -2 dagger
 z - a +2 whip of flaming (weapon)
 C - a +1 dagger of draining
Armour
 F - a +0 pair of gloves (worn)
Jewellery
 u - an uncursed ring of teleportation
Wands
 s - a wand of random effects (16/48)
 y - a wand of iceblast (5/15)
 J - a wand of random effects (22/48)
Scrolls
 f - 3 scrolls of teleportation
 j - a scroll of noise {unknown}
 k - 3 scrolls of remove curse
 n - a scroll of blinking {unknown}
 p - a scroll of identify
 q - a scroll of enchant armour {unknown}
 v - a scroll of enchant weapon {unknown}
 B - a scroll of fog {unknown}
 H - a scroll of fear {unknown}
 K - a scroll of amnesia {unknown}
Potions
 c - 2 potions of degeneration
 d - 5 potions of curing {unknown}
 e - 4 potions of heal wounds
 g - a potion of brilliance {unknown}
 h - 2 potions of ambrosia {unknown}
 i - 3 potions of berserk rage {unknown}
 l - a potion of lignification {unknown}
 m - 3 potions of haste {unknown}
 t - a potion of might {unknown}
 x - a potion of invisibility {unknown}
 E - a potion of resistance {unknown}
 I - a potion of agility {unknown}
Books
 a - a book of Conjurations

   Spells                             Type                      Level
   a - Magic Dart                     Conjuration                  1
   b - Searing Ray                    Conjuration                  2
   c - Dazzling Spray                 Conjuration/Hexes            3
   d - Fulminant Prism                Conjuration/Hexes            4
   e - Force Lance                    Conjuration/Translocation    4
   f - Iskenderun's Mystic Blast      Conjuration                  4
 G - a book of Death

   Spells                             Type                      Level
   a - Corpse Rot                     Necromancy                   2
   b - Sublimation of Blood           Necromancy                   2
   c - Agony                          Necromancy                   5
   d - Dispel Undead                  Necromancy                   5
   e - Excruciating Wounds            Charms/Necromancy            5
   f - Bolt of Draining               Conjuration/Necromancy       5
Comestibles
 b - 5 bread rations
 r - 3 royal jellies
 A - 6 fruits
 D - a meat ration
 L - 4 chunks of flesh


   Skills:
 - Level 0.2 Maces & Flails
 - Level 2.0 Dodging
 - Level 2.0 Stealth
 - Level 8.0 Spellcasting
 + Level 11.8 Conjurations
 + Level 0.2 Air Magic


You had 14 spell levels left.
You knew the following spells:

 Your Spells              Type           Power        Failure   Level  Hunger
a - Magic Dart            Conj           ####         1%          1    None
b - Searing Ray           Conj           #####.       1%          2    None
c - Iskenderun's Mystic   Conj           #####...     1%          4    ####...
d - Static Discharge      Conj/Air       ###.....     1%          3    ##.....


Dungeon Overview and Level Annotations

Branches:
Dungeon (9/15)             Temple (0/1) D:7
   Lair: D:8-11         Orc: D:9-12

Altars:
Dithmenos
Fedhas
Nemelex Xobeh
Okawaru
Sif Muna
Uskayaw
Vehumet
Wu Jian

Annotations:
D:2 1 runed door
D:8 Grum


Innate Abilities, Weirdness & Mutations

You can breathe waves of freezing cold.
You can buffet flying creatures when you breathe cold.
Your icy white scales are hard. (AC +7)
You cannot fit into any form of body armour.
Your flesh is cold resistant. (rC+)
You are cold-blooded and may be slowed by cold attacks.


Message History

Confirm with . or Enter, or press ? or * to list all spells.
Aiming: Magic Dart
Press: ? - help, Shift-Dir - straight line, f - wolf
Aim: a wolf (almost dead)
The magic dart hits the wolf.
You kill the wolf!
Vehumet accepts your kill.
You feel your power returning.
Casting: Magic Dart
Confirm with . or Enter, or press ? or * to list all spells.
Aiming: Magic Dart
Press: ? - help, Shift-Dir - straight line, f - hungry ghost
Aim: a hungry ghost
Okay, then.
You tear a large gash into the net.
Grum hits you but does no damage.
A water moccasin comes into view.
Unknown command.
Unknown command.
You struggle against the net.
Grum hits you from afar with a spear!
You die...

..........#
..........####.
...............
...............
...............
...............
.......g.......
......†W.......
......†@..#####
..../....##
.........#
........##
#S.....##
####.## #. ..


You could see Grum, a hungry ghost and a water moccasin (wandering).

Vanquished Creatures
  Pikel (D:5)
  The ghost of Jeffwins the Slasher, a novice OpFi (D:4)
  Sigmund (D:5)
  Duvessa (D:4)
  4 slaves (D:5)
  2 orc warriors
  4 sky beasts
  2 ogres
  An eye of draining (D:6)
  3 phantoms
  3 wolves (D:8)
  A centaur (D:6)
  A big kobold (D:8)
  3 bullfrogs
  Dowan (D:4)
  2 scorpions
  A howler monkey (D:3)
  2 crimson imps
  A bullfrog zombie (D:6)
  3 hounds
  4 jellies
  6 orc wizards
  4 orc priests
  4 iguanas
  A worker ant (D:7)
  A hound zombie (D:6)
  2 river rats (D:5)
  8 adders
  2 worms
  2 dart slugs
  5 leopard geckos
  20 orcs
  A ball python (D:2)
  7 bats
  6 giant cockroaches
  8 goblins
  6 hobgoblins
  19 jackals
  5 quokkas
  5 frilled lizards
  12 kobolds
  A leopard gecko skeleton (D:6)
  6 rats
173 creatures vanquished.

Notes
Turn   | Place    | Note
-------+----------+-------------------------------------------
     0 | D:1      | wup the Draconian Conjurer began the quest for the Orb.
     0 | D:1      | Reached XP level 1. HP: 14/14 MP: 3/3
   163 | D:1      | Reached XP level 2. HP: 19/20 MP: 3/5
   173 | D:1      | Learned a level 2 spell: Searing Ray
  1044 | D:2      | Found an ornate altar of the Wu Jian Council.
  1194 | D:2      | Reached skill level 5 in Conjurations
  1194 | D:2      | Reached XP level 3. HP: 24/26 MP: 2/6
  1689 | D:2      | Found a runed door.
  2358 | D:3      | Found a radiant altar of Vehumet.
  2364 | D:3      | Became a worshipper of Vehumet
  2464 | D:3      | Reached XP level 4. HP: 22/33 MP: 0/7
  2567 | D:3      | Reached skill level 6 in Conjurations
  2683 | D:3      | Found a faded altar of an unknown god.
  2750 | D:3      | Found a blossoming altar of Fedhas.
  3282 | D:3      | Reached XP level 5. HP: 38/38 MP: 4/9
  3546 | D:5      | Entered Level 5 of the Dungeon
  3561 | D:5      | Reached * piety under Vehumet
  3561 | D:5      | Offered knowledge of Sandblast by Vehumet.
  3754 | D:5      | Noticed an ogre
  3763 | D:5      | Killed an ogre
  3763 | D:5      | Reached XP level 6. HP: 45/45 MP: 1/10
  3791 | D:5      | Noticed a sky beast
  3985 | D:4      | Reached skill level 7 in Conjurations
  4245 | D:4      | Noticed Jeffwins's ghost (novice OpFi)
  4258 | D:4      | Killed Jeffwins's ghost
  4258 | D:4      | Reached skill level 8 in Conjurations
  4258 | D:4      | Your scales start taking on an icy white colour.
  4258 | D:4      | Reached XP level 7. HP: 23/50 MP: 2/11
  4258 | D:4      | Gained mutation: Your flesh is cold resistant. (rC+) [White Draconian growth]
  4427 | D:4      | Learned a level 4 spell: Iskenderun's Mystic Blast
  4849 | D:5      | Found a hide-covered altar of Uskayaw.
  5267 | D:5      | Noticed Pikel
  5356 | D:5      | Noticed Duvessa
  5419 | D:5      | Killed Pikel
  5419 | D:5      | Reached XP level 8. HP: 22/57 MP: 5/17
  5580 | D:5      | Noticed Dowan
  6260 | D:5      | Reached ** piety under Vehumet
  6340 | D:5      | Noticed Sigmund
  6343 | D:5      | Killed Sigmund
  6348 | D:5      | Offered knowledge of Flame Tongue by Vehumet.
  6499 | D:4      | Killed Duvessa
  6500 | D:4      | Killed Dowan
  6796 | D:4      | Found a shadowy altar of Dithmenos.
  6796 | D:4      | Found an iron altar of Okawaru.
  6917 | D:6      | Reached skill level 9 in Conjurations
  6917 | D:6      | Reached XP level 9. HP: 62/62 MP: 2/21
  7049 | D:6      | Found a sparkling altar of Nemelex Xobeh.
  7448 | D:6      | Reached skill level 10 in Conjurations
  8003 | D:8      | Noticed Grum
  8080 | D:7      | Offered knowledge of Static Discharge by Vehumet.
  8164 | D:7      | Learned a level 3 spell: Static Discharge
  8237 | D:7      | Reached skill level 11 in Conjurations
  8723 | D:7      | Found a staircase to the Ecumenical Temple.
  8796 | D:7      | Found a deep blue altar of Sif Muna.
  9094 | D:7      | Reached *** piety under Vehumet
  9239 | D:8      | Slain by Grum

Vault maps used:
D:1:      dpeg_arrival_subterranean_lakeside_camping
D:2:      lemuel_doored_altar, first_bread, uniq_crazy_yiuf_cottage
D:3:      old_standard_altar, fedhas_altar_1, chequers_ecumenical_altar_simple,
          minmay_distorted
D:4:      gammafunk_temple_overflow_elements
D:5:      eat_drink_and_be_merry_uskayaw, gup_sewer_entry_spiral, uniq_duvessa,
          uniq_sigmund, uniq_pikel
D:6:      lemuel_round_altar, minmay_checkerbox
D:7:      lemuel_blue_sif_altar, minmay_temple_entry_glassed_door
D:8:      uniq_joseph, uniq_psyche, uniq_grum
D:9:      kennysheep_blocky_room, nicolae_ru_great_annihilating_truth,
          blue_anna_alchemist, zaba_antful_of_joy

Skill      XL: |  1  2  3  4  5  6  7  8  9 |
---------------+----------------------------+-----
Conjurations   | 5 6 8 9 11 | 11.8
Spellcasting   | 3 6 8 |  8.0
Dodging        | 2 |  2.0
Stealth        | 2 |  2.0
Maces & Flails | |  0.2
Air Magic      | |  0.2

Action                   |  1- 3 |  4- 6 |  7- 9 || total
-------------------------+-------+-------+-------++-------
Melee: Unarmed           |    21 |       |       ||    21
       Tailslap          |     5 |     2 |     8 ||    15
       Short sword       |    10 |       |       ||    10
       Dagger            |     4 |    30 |    27 ||    61
       Whip              |       |       |    20 ||    20
 Cast: Magic Dart        |    72 |    71 |   171 ||   314
       Searing Ray       |     6 |    10 |    51 ||    67
       Iskenderun's Myst |       |       |    20 ||    20
       Static Discharge  |       |       |     6 ||     6
 Abil: Breathe Frost     |       |       |     3 ||     3
  Use: Scroll            |       |     2 |     3 ||     5
  Eat: Chunk             |     6 |     7 |    10 ||    23
       Meat ration       |       |       |     1 ||     1
       Bread ration      |       |       |     1 ||     1
Armor: Skin              |    25 |    15 |    55 ||    95
Dodge: Dodged            |    44 |    30 |   128 ||   202

Table legend:
 A = Spawn XP
 B = Non-spawn XP
 C = Spawn XP percentage of total XP
 D = Spawn monster count
 E = Non-spawn monster count
 F = Spawn count percentage of total count
 G = Total turns spent on level
                    A         B        C        D         E        F      G
               +---------+---------+-------+---------+---------+-------+---------
         Total |       0 |    5346 |   0.0 |       0 |     169 |   0.0 |  9239
               +---------+---------+-------+---------+---------+-------+---------
           D:1 |       0 |      34 |   0.0 |       0 |      23 |   0.0 |  1085
           D:2 |       0 |      28 |   0.0 |       0 |      15 |   0.0 |  1148
           D:3 |       0 |     137 |   0.0 |       0 |      20 |   0.0 |  1148
           D:4 |       0 |     768 |   0.0 |       0 |      21 |   0.0 |  1722
           D:5 |       0 |    1733 |   0.0 |       0 |      28 |   0.0 |  1843
           D:6 |       0 |    1106 |   0.0 |       0 |      23 |   0.0 |  1272
           D:7 |       0 |     848 |   0.0 |       0 |      16 |   0.0 |   894
           D:8 |       0 |     692 |   0.0 |       0 |      23 |   0.0 |   123
               +---------+---------+-------+---------+---------+-------+---------
